 Dungeon Crawl Stone Soup version 0.31.0-9-g3a7656b989 (webtiles) character file.

Game seed: 8383245622690204010

34815 Ijustatesigmund the Protected (level 13, -1/82 HPs)
             Began as a Gargoyle Fighter on Feb 6, 2024.
             Was an Elder of Vehumet.
             Slain by Azrael
             ... wielding a +1 scimitar of flaming
              (4 damage)
             ... on level 14 of the Dungeon.
             The game lasted 00:39:32 (20663 turns).

Ijustatesigmund the Protected (Gargoyle Fighter)   Turns: 20663, Time: 00:39:32

Health: -1/82      AC: 30    Str: 20    XL:     13   Next: 79%
Magic:  4/24       EV: 11    Int: 14    God:    Vehumet [****..]
Gold:   1150       SH: 11    Dex:  9    Spells: 22/27 levels left

rFire   + + .        a - +5 flail (venom)
rCold   + + .        c - +2 kite shield {reflect}
rNeg    + + .        b - +0 acid dragon scales
rPois   ∞            r - +2 helmet
rElec   +            w - +0 cloak of Agnosticism {rF+ rN+}
rCorr   +            s - +1 pair of gloves
SInv    +            e - +3 pair of mountain boots {steadfast, rC+}
Will    .....        u - amulet of magic regeneration
Stlth   +            p - ring of see invisible
HPRegen 0.33/turn    j - ring of wizardry
MPRegen 0.59/turn

%: reflection, wizardry (x1)
@: resistant, very slightly contaminated
A: sickness immunity, AC +9, negative energy resistance 1, electricity
resistance, torment resistance 1, petrification resistance
a: Renounce Religion


You were on level 14 of the Dungeon.
You worshipped Vehumet.
Vehumet was greatly pleased with you.
You visited 2 branches of the dungeon, and saw 15 of its levels.
You also visited: Ossuary.

You collected 1174 gold pieces.
You spent 24 gold pieces at shops.

Inventory:

Hand Weapons
 a - a +5 flail of venom (weapon)
Missiles
 G - a throwing net (quivered)
Armour
 b - +0 acid dragon scales (worn)
 c - a +2 kite shield of reflection (worn)
 e - the +3 pair of mountain boots (worn) {steadfast, rC+}
   (You acquired it on level 6 of the Dungeon)

   Steadfast: It prevents involuntary movement, except for blinking,
   teleportation, or banishment.
   rC+:       It protects you from cold.
 r - a +2 helmet (worn)
 s - a +1 pair of gloves (worn)
 w - the +0 cloak of Agnosticism (worn) {rF+ rN+}
   (You acquired it on level 10 of the Dungeon)

   rF+:       It protects you from fire.
   rN+:       It protects you from negative energy.
 y - a +2 hat of see invisible
Jewellery
 j - a ring of wizardry (right hand)
 p - a ring of see invisible (left hand)
 u - an amulet of magic regeneration (around neck)
 J - an amulet of faith
Wands
 k - a wand of light (3)
 A - a wand of charming (3)
 C - a wand of mindburst (2)
 H - a wand of polymorph (5)
 I - a wand of flame (6)
Scrolls
 d - 3 scrolls of poison
 h - a scroll of vulnerability
 n - 5 scrolls of silence
 q - 2 scrolls of identify
 v - 2 scrolls of amnesia
 F - a scroll of fog
Potions
 f - 2 potions of attraction
 l - 3 potions of lignification
 m - 2 potions of curing
 t - 2 potions of brilliance
 z - a potion of ambrosia
 E - 2 potions of mutation


   Skills:
 - Level 9.9 Fighting
 - Level 9.5 Maces & Flails
 + Level 11.8 Armour
 - Level 3.5 Dodging
 - Level 7.4 Shields
 - Level 7.6 Spellcasting
 + Level 7.8 Translocations
 - Level 9.0 Earth Magic
 - Level 5.2 Evocations


You had 22 spell levels left.
You knew the following spells:

 Your Spells              Type           Power      Damage    Failure   Level
a - Sandblast             Erth           60%        2d14      1%          1
b - Iskenderun's Mystic   Conj/Tloc      16%        2d5       7%          4

Your spell library contained the following spells:

 Spells                   Type           Power      Damage    Failure   Level
 Fulminant Prism          Conj/Alch      2%         3d5       30%         4
 Freeze                   Ice            20%        1d4       4%          1
 Kiss of Death            Conj/Necr      20%        2d7       4%          1
 Manifold Assault         Tloc           27%        N/A       6%          4
 Frozen Ramparts          Ice            10%        1d2       11%         3
 Hailstorm                Conj/Ice       5%         3d5       11%         3
 Confusing Touch          Hex            5%         N/A       38%         3
 Fugue of the Fallen      Necr           5%         N/A       38%         3
 Ozocubu's Armour         Ice            5%         N/A       38%         3
 Dispel Undead            Necr           5%         3d7       77%         4


Dungeon Overview and Level Annotations

Branches:
Dungeon (14/15)            Temple (1/1) D:7            Lair (0/5) D:11
    Orc (0/2) D:10         Vaults (0/5) D:13        Ossuary (visited)

Altars:
Ashenzari
Cheibriados
Dithmenos
Elyvilon
Fedhas
Gozag
Hepliaklqana
Kikubaaqudgha
Makhleb
Nemelex Xobeh
Okawaru
Qazlal
Ru
Sif Muna
Trog
Uskayaw
Vehumet
Wu Jian
Xom
Yredelemnul
Zin
The Shining One

Shops:
D:7 *   D:8 (

Annotations:
D:14 Azrael


Innate Abilities, Weirdness & Mutations

You are immune to sickness and miasma.
Your stone body is resilient. (AC +9)
You are immune to poison.
You resist negative energy. (rN+)
You are resistant to electric shocks. (rElec)
You are resistant to unholy torment.
You are immune to petrification.


Message History

The fire elemental is lightly damaged.
The mystic blast hits Azrael but does no damage.
Azrael is lightly wounded.
The mystic blast hits the hell hound!
The hell hound is almost dead.
The hell hound is knocked back by the mystic blast.
The hell hound slams into the rock wall!
The hell hound is almost dead.
The mystic blast hits the fire dragon.
The fire dragon is almost dead.
You block Azrael's attack. The hell hound misses you.
You block the fire dragon's attack. x2
The fire dragon tramples you but does no damage.
The hell hound breathes flames at you.
The blast of flame hits you but does no damage.
Azrael hits you with a +1 scimitar of flaming.
* * * LOW HITPOINT WARNING * * *
The hell hound breathes flames at you.
The blast of flame hits the fire dragon.
The fire dragon resists.
The blast of flame hits you but does no damage.
You block the fire dragon's attack.
The fire dragon claws you but does no damage.
The fire dragon tramples you but does no damage.
You block the hell hound's attack.
Casting: Iskenderun's Mystic Blast (dangerous; 7% risk of failure)
Confirm with . or Enter, or press ? or * to list all spells.
You miscast Iskenderun's Mystic Blast.
You are very lightly contaminated with residual magic.
Nothing appears to happen.
Azrael closely misses you. You block the hell hound's attack.
The fire dragon breathes flames at you. The blast of flame hits you!
You resist.
* * * LOW HITPOINT WARNING * * *
Okay, then.
As you read the scroll labelled POGUPI DACHOGI, it crumbles to dust.
You hear a loud clanging noise!
It was a scroll of noise.
You block the hell hound's attack.
Azrael hits you with a +1 scimitar of flaming.
You die...

.###.#....#####
.................
####.#.###########
####.#.###.......##
..)......'........#
####...###........#
# ##..## #........#
###..## #........#
>....#
#......@D#####°#
######
#......hRh.....#
########E#####.#
########.#
#........#
≈~~......# ≈≈
≈≈~~≈~.D.# ≈≈
≈≈≈≈≈≈§~.# ≈≈
≈≈≈≈≈≈~..#


You could see a fire dragon (poisoned, catching breath), Azrael, a fire
elemental and 2 hell hounds.

Vanquished Creatures
  Gastronok (D:11)
  Nessos (D:13)
  3 hydras
  3 centaur warriors
  2 boulder beetles
  5 two-headed ogres
  5 skeletal warriors
  An orc knight (D:11)
  6 cyclopes
  A deep elf pyromancer (D:13)
  2 ugly things (D:13)
  Maurice (D:8)
  A manticore (D:12)
  4 meliai
  3 gargoyles
  4 unseen horrors
  An efreet (D:13)
  A kobold demonologist (D:12)
  Psyche (D:8)
  4 trolls
  2 hornets
  6 slime creatures
  4 vampires
  A wyvern (shapeshifter) (D:12)
  3 yaks (D:11)
  3 shadows
  A spriggan (shapeshifter) (D:13)
  2 water elementals (D:14)
  3 basilisks
  4 wyverns (D:11)
  A steam dragon (D:7)
  Menkaure (D:5)
  5 vampire mosquitoes
  2 hell hounds (D:14)
  2 acid dragons
  5 water moccasins
  Duvessa (D:6)
  4 orc warriors
  An ogre (D:5)
  2 ice beasts
  2 sky beasts (D:7)
  5 centaurs
  9 kobold brigands
  A phantom (D:4)
  A weeping skull (Ossuary)
  3 elf zombies (Ossuary)
  2 gnoll sergeants
  4 scorpions
  2 bullfrogs (D:8)
  8 wights (D:7)
  A burial acolyte (Ossuary)
  12 killer bees (D:8)
  Dowan (D:6)
  10 howler monkeys
  7 orc priests
  3 hounds
  A jelly (D:8)
  3 sleepcaps
  Ijyb (D:5)
  4 iguanas
  15 orc wizards
  2 mummies (Ossuary)
  12 gnolls
  5 adders
  A white imp (D:7)
  3 ufetubi (D:6)
  3 dart slugs
  A ribbon worm (D:3)
  32 orcs
  3 endoplasms
  5 giant cockroaches
  7 goblins
  5 hobgoblins
  32 kobolds
  A quokka (D:2)
  6 ball pythons
  5 bats
  3 frilled lizards (D:1)
  A goblin zombie (D:6)
  A kobold zombie (Ossuary)
  An orc zombie (Ossuary)
  6 rats
  A rat zombie (D:6)
334 creatures vanquished.

Vanquished Creatures (collateral kills)
  An ironbound preserver (D:13)
  An orc priest (D:9)
  A gnoll (D:9)
  An ufetubus (D:6)
  3 kobolds (D:9)
7 creatures vanquished.

Vanquished Creatures (others)
  A flayed ghost (D:11)
  A cyclops (D:11)
  A human (D:4)
  An orc wizard (D:6)
4 creatures vanquished.

Grand Total: 345 creatures vanquished

Notes
Turn   | Place    | Note
-------+----------+-------------------------------------------
     0 | D:1      | Ijustatesigmund the Gargoyle Fighter began the quest for
                  | the Orb.
     0 | D:1      | Reached XP level 1. HP: 14/14 MP: 1/1
    52 | D:1      | Reached XP level 2. HP: 17/19 MP: 2/2
   387 | D:1      | Reached XP level 3. HP: 19/24 MP: 3/3
   547 | D:1      | Found a faded altar of an unknown god.
  1688 | D:3      | Reached XP level 4. HP: 29/29 MP: 4/4
  2884 | D:4      | Reached XP level 5. HP: 34/34 MP: 5/5
  3268 | D:4      | Noticed a phantom
  3289 | D:4      | Killed a phantom
  3290 | D:4      | Reached skill level 5 in Maces & Flails
  3290 | D:4      | Reached XP level 6. HP: 10/40 MP: 6/6
  3660 | D:4      | Reached skill level 5 in Fighting
  3707 | D:4      | Noticed an ice beast
  3715 | D:4      | Killed an ice beast
  3975 | D:4      | Found an ancient bone altar of Kikubaaqudgha.
  3978 | D:4      | Noticed a human
  3979 | D:4      | Killed a human
  4059 | D:5      | Entered Level 5 of the Dungeon
  4137 | D:5      | Noticed Ijyb
  4146 | D:5      | Killed Ijyb
  4326 | D:5      | Reached XP level 7. HP: 43/44 MP: 7/7
  4780 | D:5      | Noticed Menkaure
  4791 | D:5      | Killed Menkaure
  4792 | D:5      | Reached skill level 4 in Armour
  4959 | D:5      | Found an iron altar of Okawaru.
  4993 | D:5      | Found a hide-covered altar of Uskayaw.
  5198 | D:5      | Reached skill level 1 in Evocations
  5224 | D:5      | Found a burning altar of Makhleb.
  5458 | D:6      | Identified a scroll of acquirement
  5458 | D:6      | Acquired the +3 pair of mountain boots {steadfast, rC+}
  5458 | D:6      | Found the +3 pair of mountain boots {steadfast, rC+}
  5490 | D:6      | Found a sand-covered staircase.
  5509 | Ossuary  | Entered an ossuary
  5509 | Ossuary  | Found a huge runed translucent gate.
  5509 | Ossuary  | Found a huge runed translucent gate.
  5509 | Ossuary  | Found a huge runed translucent gate.
  5509 | Ossuary  | Found a huge runed translucent gate.
  5509 | Ossuary  | Found a huge runed translucent gate.
  5509 | Ossuary  | Found a huge runed translucent gate.
  5509 | Ossuary  | Found a huge runed translucent gate.
  5509 | Ossuary  | Found a huge runed translucent gate.
  5509 | Ossuary  | Found a huge runed translucent gate.
  5510 | Ossuary  | Found a huge runed translucent gate.
  5510 | Ossuary  | Found a huge runed translucent gate.
  5511 | Ossuary  | Found a huge runed translucent gate.
  5511 | Ossuary  | Found a huge runed translucent gate.
  5513 | Ossuary  | Found a huge runed translucent gate.
  5513 | Ossuary  | Found a huge runed translucent gate.
  5516 | Ossuary  | Found a huge runed translucent gate.
  5516 | Ossuary  | Found a huge runed translucent gate.
  5516 | Ossuary  | Found a huge runed translucent gate.
  5516 | Ossuary  | Found a huge runed translucent gate.
  5540 | Ossuary  | Reached XP level 8. HP: 30/51 MP: 8/8
  5572 | Ossuary  | Found a huge runed translucent gate.
  5572 | Ossuary  | Found a huge runed translucent gate.
  5572 | Ossuary  | Found a huge runed translucent gate.
  5574 | Ossuary  | Found a huge runed translucent gate.
  5574 | Ossuary  | Found a huge runed translucent gate.
  5575 | Ossuary  | Found a huge runed translucent gate.
  5575 | Ossuary  | Found a huge runed translucent gate.
  5576 | Ossuary  | Found a huge runed translucent gate.
  5576 | Ossuary  | Found a huge runed translucent gate.
  5578 | Ossuary  | Found a huge runed translucent gate.
  5578 | Ossuary  | Found a huge runed translucent gate.
  5674 | Ossuary  | Found a huge runed translucent gate.
  5674 | Ossuary  | Found a huge runed translucent gate.
  5674 | Ossuary  | Found a huge runed translucent gate.
  5674 | Ossuary  | Found a huge runed translucent gate.
  5674 | Ossuary  | Found a huge runed translucent gate.
  6035 | D:6      | Reached skill level 5 in Armour
  6045 | D:6      | Reached skill level 5 in Shields
  6089 | D:6      | Noticed Duvessa
  6089 | D:6      | Noticed Dowan
  6105 | D:6      | Killed Duvessa
  6112 | D:6      | Killed Dowan
  6929 | D:7      | Reached XP level 9. HP: 22/57 MP: 9/9
  7335 | D:7      | Found a staircase to the Ecumenical Temple.
  7365 | Temple   | Entered the Ecumenical Temple
  7380 | Temple   | Became a worshipper of Vehumet
  7411 | D:7      | Reached skill level 1 in Dodging
  7501 | D:7      | Found Ezxael's Assorted Antiques.
  7511 | D:7      | Bought a scroll labelled POBRIE FOUMUC for 24 gold pieces
  8178 | D:7      | Noticed a hornet
  8183 | D:7      | Killed a hornet
  8241 | D:8      | Found Duwedimm's Weapon Shop.
  8396 | D:8      | Noticed Psyche
  8405 | D:8      | Noticed Maurice
  8417 | D:8      | Maurice stole a ring of wizardry
  8774 | D:9      | Reached * piety under Vehumet
  8774 | D:9      | Offered knowledge of Kiss of Death by Vehumet.
  8775 | D:9      | Reached XP level 10. HP: 33/64 MP: 10/10
  8969 | D:9      | Found a sacrificial altar of Ru.
  9363 | D:9      | Found a broken altar of Ashenzari.
  9499 | D:9      | Found an ornate altar of the Wu Jian Council.
  9504 | D:9      | Found a shimmering altar of Xom.
 10375 | D:8      | Reached skill level 5 in Evocations
 10561 | D:8      | Killed Psyche
 10607 | D:8      | Killed Maurice
 10737 | D:8      | Reached ** piety under Vehumet
 10737 | D:8      | Offered knowledge of Sandblast by Vehumet.
 10740 | D:8      | Learned a level 1 spell: Sandblast
 10903 | D:10     | Entered Level 10 of the Dungeon
 10903 | D:10     | Found a staircase to the Orcish Mines.
 10912 | D:10     | Reached skill level 1 in Earth Magic
 10966 | D:10     | Found a hazy altar of Hepliaklqana.
 11038 | D:10     | Found a stormy altar of Qazlal.
 11038 | D:10     | Noticed an unseen horror
 11110 | D:10     | Killed an unseen horror
 11247 | D:10     | Acquired the +0 cloak of Agnosticism {rF+ rN+}
 11294 | D:10     | Found a glowing silver altar of Zin.
 11294 | D:10     | Noticed a two-headed ogre
 11298 | D:10     | Killed a two-headed ogre
 11299 | D:10     | Reached XP level 11. HP: 34/69 MP: 16/18
 11303 | D:10     | Noticed a lindwurm
 11303 | D:10     | Noticed a lindwurm
 11303 | D:10     | Noticed a lindwurm
 11304 | D:10     | Noticed a lindwurm
 11305 | D:10     | Noticed a two-headed ogre
 11522 | D:10     | Killed a two-headed ogre
 11523 | D:10     | Reached skill level 5 in Spellcasting
 11523 | D:10     | Reached skill level 5 in Earth Magic
 12172 | D:11     | Found a staircase to the Lair.
 12432 | D:11     | Noticed Gastronok
 12449 | D:11     | Killed Gastronok
 12678 | D:11     | Noticed a boulder beetle
 12686 | D:11     | Killed a boulder beetle
 12714 | D:11     | Offered knowledge of Mephitic Cloud by Vehumet.
 12818 | D:11     | Noticed a two-headed ogre
 12825 | D:11     | Killed a two-headed ogre
 13072 | D:11     | Noticed a cyclops
 13095 | D:11     | Reached *** piety under Vehumet
 13095 | D:11     | Killed a cyclops
 13385 | D:11     | Noticed an orc knight
 13385 | D:11     | Noticed a flayed ghost
 13387 | D:11     | Noticed a two-headed ogre
 13387 | D:11     | Noticed a cyclops
 13391 | D:11     | Noticed a cyclops
 13392 | D:11     | Reached XP level 12. HP: 55/75 MP: 23/23
 13396 | D:11     | Noticed a centaur warrior
 13401 | D:11     | Reached skill level 6 in Armour
 13426 | D:11     | Killed a centaur warrior
 13786 | D:11     | Reached skill level 7 in Armour
 13791 | D:11     | Killed a two-headed ogre
 14200 | D:12     | Offered knowledge of Iskenderun's Mystic Blast by Vehumet.
 14206 | D:12     | Learned a level 4 spell: Iskenderun's Mystic Blast
 14331 | D:12     | Noticed a soul eater
 14337 | D:12     | Reached skill level 1 in Translocations
 14708 | D:12     | Noticed a boulder beetle
 14735 | D:12     | Killed a boulder beetle
 14736 | D:12     | Reached skill level 8 in Armour
 15601 | D:13     | Noticed a centaur warrior
 15601 | D:13     | Noticed a five-headed hydra
 15650 | D:12     | Killed a five-headed hydra
 15777 | D:12     | Killed a centaur warrior
 15778 | D:12     | Reached skill level 9 in Armour
 16034 | D:13     | Noticed Nessos
 16048 | D:13     | Killed Nessos
 16049 | D:13     | Reached XP level 13. HP: 63/82 MP: 24/24
 16115 | D:13     | Found a gate to the Vaults.
 16115 | D:13     | Noticed an ironbound preserver
 16132 | D:13     | Killed an ironbound preserver
 16133 | D:13     | Reached skill level 5 in Translocations
 16308 | D:13     | Reached **** piety under Vehumet
 16627 | D:13     | Reached skill level 10 in Armour
 17918 | D:13     | Offered knowledge of Fulminant Prism by Vehumet.
 18076 | D:13     | Reached skill level 11 in Armour
 20618 | D:14     | Noticed a fire dragon
 20645 | D:14     | Noticed Azrael
 20662 | D:14     | HP: 2/82 [fire dragon/blast of flame (12)]
 20663 | D:14     | Slain by Azrael

Illustrated notes

Levels and vault maps discovered:
D:1:      dpeg_arrival_rhombi, layout_basic, chequers_ecumenical_altar_simple
D:2:      layout_basic, minmay_misc_feat_five
D:3:      layout_basic
D:4:      layout_loops_ring, tgw_kikubaaqudgha
D:5:      layout_basic, mainiacjoe_overflow_concentric_impassable,
          mainiacjoe_overflow_two_lobes, grunt_ministairs_7,
          minmay_misc_feat_columns, uniq_menkaure, uniq_ijyb
D:6:      layout_loops_corners, enter_ossuary_4, uniq_duvessa
D:7:      layout_basic, minmay_temple_entry_gardened_gates, serial_shops, shop
D:8:      layout_loops_ring, serial_shops, nicolae_shop_bloodbath_and_beyond,
          uniq_psyche, uniq_maurice
D:9:      layout_stronghold, amethyst_overflow_temple_binary,
          nicolae_ru_path_of_blood, mainiacjoe_overflow_alcove_4
D:10:     layout_rooms, mainiacjoe_overflow_paths, zin_academy,
          mainiacjoe_overflow_catwalk, orc_0_dummy, minmay_lindwurm_lava
D:11:     nzn_winding_woodlands_three_and_one
          [nzn_winding_woodlands_5x15_zeroes,
          nzn_winding_woodlands_5x15_sidewinder,
          nzn_winding_woodlands_5x15_garden,
          nzn_winding_woodlands_center_pierced_h], layout_irregular_city,
          minmay_lair_entry_grove, uniq_gastronok
D:12:     layout_loops_corners, gauntlet_entry_generic, minmay_misc_feat_rows,
          kennysheep_doodads, minivault_23
D:13:     layout_stronghold, skrybe_vaults_entry_preservation, uniq_nessos
D:14:     layout_basic, uniq_azrael
Temple:   bh_familiar_temple

Skill      XL: |  1  2  3  4  5  6  7  8  9 10 11 12 13 |
---------------+----------------------------------------+-----
Maces & Flails | 3 4 5 6 7 8 9 |  9.5
Fighting       | 4 5 6 7 8 9 |  9.9
Armour         | 4 5 9 11 | 11.8
Shields        | 4 5 6 7 |  7.4
Evocations     | 1 3 4 5 |  5.2
Dodging        | 2 3 |  3.5
Spellcasting   | 4 7 |  7.6
Earth Magic    | 4 9 |  9.0
Translocations | 4 7 |  7.8

Action                     |  1- 3 |  4- 6 |  7- 9 | 10-12 | 13-15 || total
---------------------------+-------+-------+-------+-------+-------++-------
  Melee: Flail             |   142 |   172 |   418 |   710 |   294 ||  1736
  Throw: Throwing net      |       |       |       |       |     1 ||     1
   Cast: Sandblast         |       |       |       |     3 |     2 ||     5
         Iskenderun's Myst |       |       |       |     3 |    12 ||    15
  Evoke: Wand              |       |       |     5 |    22 |    13 ||    40
    Use: Scroll            |       |     5 |    15 |    15 |     9 ||    44
         Potion            |       |     4 |     1 |     4 |     6 ||    15
   Stab: Invisible         |       |       |     1 |     1 |     9 ||    11
         Betrayed ally     |       |       |       |     1 |       ||     1
 Armour: Scale mail        |   106 |    68 |       |       |       ||   174
         Chain mail        |       |   133 |   185 |       |       ||   318
         Steam dragon scal |       |       |    98 |   376 |       ||   474
         Skin              |       |       |     3 |       |       ||     3
         Acid dragon scale |       |       |       |   172 |   273 ||   445
  Dodge: Dodged            |    85 |    89 |   128 |   375 |   104 ||   781
  Block: Buckler           |    36 |    35 |       |       |       ||    71
         Kite shield       |       |     4 |   260 |   582 |   182 ||  1028
         Reflection        |       |       |     4 |    24 |     6 ||    34
